 Dungeon Crawl Stone Soup version 0.15-a0-756-g319e367 (webtiles) character file.

20431 MDvedh the Bludgeoner (level 13, -1/86 HPs)
             Began as a Formicid Fighter on May 12, 2014.
             Was a Believer of Qazlal.
             Slain by a spectral orc warrior
             ... wielding a +1,+1 long sword
             ... summoned by Nergalle
              (5 damage)
             ... on Level 4 of the Lair of Beasts.
             The game lasted 00:33:00 (18987 turns).

MDvedh the Bludgeoner (Formicid Fighter)           Turns: 18987, Time: 00:33:00

HP  -1/86        AC 11     Str 24      XL: 13   Next: 12%
MP  28/28        EV  9     Int  8      God: Qazlal [**....]
Gold 657         SH 27     Dex 11      Spells:  0 memorised, 12 levels left

rFire  . . .     SeeInvis +     k - +4,+3 morningstar
rCold  . . .     Clarity  +     y - +5 ring mail of Trog's Fury {+Rage +Inv Dam+5 Stlth+}
rNeg   . . .     Conserve .     c - +0 shield
rPois  .         rCorr    .     (helmet unavailable)
rElec  .         rRot     .     o - +0 cloak
SustAb . .       Spirit   .     (no gloves)
rMut   .         Warding  .     (no boots)
Gourm  .         Stasis   +     u - amulet of clarity
MR     ++...                    (no ring)
                                v - +1 ring of dexterity

@: very heavily drained, bribing [], very resistant to hostile enchantments,
very unstealthy
A: permanent stasis, dig shafts and tunnels, four strong arms, antennae 3, fast
metabolism 1, magic resistance 1, weak 1
a: Dig, Shaft Self, Upheaval, Renounce Religion, Evoke Invisibility


You were on level 4 of the Lair of Beasts.
You worshipped Qazlal.
Qazlal was pleased with you.
You were not hungry.

You visited 3 branches of the dungeon, and saw 14 of its levels.
You also visited: Sewer.

You collected 657 gold pieces.

Inventory:

Hand weapons
 a - a +1,+1 flail
 g - a +0,-1 morningstar
 k - a +4,+3 morningstar (weapon)
Armour
 c - a +0 shield (worn)
 o - a +0 cloak (worn)
 y - the +5 ring mail of Trog's Fury (worn) {+Rage +Inv Dam+5 Stlth+}
   (You found it on level 7 of the Dungeon)

   It affects your damage with ranged weapons and melee attacks (+5).
   It lets you turn invisible.
   It lets you go berserk.
   It makes you more stealthy.
Magical devices
 h - a wand of frost (4)
 s - a wand of heal wounds (0)
 B - a wand of draining (9) {unknown}
 C - a wand of flame (10)
Comestibles
 d - 7 bread rations
 i - 7 grapes
 A - 6 beef jerkies
 G - an apple
 H - a pear
Scrolls
 j - 5 scrolls of amnesia
 l - 8 scrolls of remove curse
 p - 4 scrolls of identify
 x - 2 scrolls of enchant weapon I
 D - 2 scrolls of enchant weapon II
 E - a scroll of fog
Jewellery
 b - an uncursed ring of ice
 r - a +4 ring of dexterity
 u - an amulet of clarity (around neck)
 v - a +1 ring of dexterity (left hand)
 w - an uncursed amulet of resist mutation
 z - an uncursed ring of wizardry
 K - an uncursed amulet of the gourmand
Potions
 e - 2 potions of might
 f - 2 potions of brilliance
 t - 4 potions of flight
 F - a potion of agility


   Skills:
 - Level 3.2(0.0) Fighting
 - Level 15.2(9.5) Maces & Flails
 - Level 7.7(3.0) Armour
 + Level 10.9(5.8) Shields
 - Level 10.0(5.0) Invocations


You had 12 spell levels left.
You didn't know any spells.

Dungeon Overview and Level Annotations

Branches:
Dungeon (9/15)             Temple (1/1) D:7            Lair (4/8) D:8
    Orc: D:9-12       Swamp: Lair:3-6    Shoals: Lair:3-6     Snake: Lair:3-6
 Spider: Lair:3-6

Altars:
Ashenzari
Cheibriados
Dithmenos
Elyvilon
Fedhas
Gozag
Kikubaaqudgha
Makhleb
Nemelex Xobeh
Okawaru
Qazlal
Sif Muna
Trog
Vehumet
Xom
Yredelemnul
Zin
The Shining One

Annotations:
D:7 Pikel
Lair:4 Nergalle


Innate Abilities, Weirdness & Mutations

Your are under a permanent stasis effect.
You can dig through walls and to a lower floor.
Your four strong arms can wield two-handed weapons with a shield.
You have a pair of large antennae on your head (SInv).
You have a fast metabolism.
You are resistant to hostile enchantments.
You are weak. (Str -2)


Message History

The spectral orc warrior hits you but does no damage.
The spectral orc warrior barely misses you.
Nergalle is engulfed in freezing vapours.
Nergalle hits you but does no damage.
Unknown command.
You barely miss Nergalle.
Nergalle is almost dead.
You block the spectral orc knight's attack.
The spectral orc warrior hits you but does no damage.
Nergalle is engulfed in freezing vapours.
You block Nergalle's attack.
The spectral orc warrior hits you but does no damage.
You closely miss Nergalle.
Nergalle is almost dead.
The spectral orc knight completely misses you.
The spectral orc warrior hits you but does no damage.
Nergalle is engulfed in freezing vapours.
You block Nergalle's attack.
The spectral orc warrior hits you with a long sword.
You die...

##...## #.. #...## #P.#
#...## ..### ##%..#
#.#.### #.%P# ##...#.#
##..### ####.......
#.....######.#P....#..
#...o...#.#.###...P#.#
..#....@................
<..[..Z..Z...............
....#...Z.<#..##P.....P#.
.###.......#.###P....###
##..P####.# ##.......
#.### #.# #....... ## #%#
#...#.#. #.# #..##### ###
#.##


You could see Nergalle, a spectral orc knight and 2 spectral orc warriors.

Vanquished Creatures
  The ghost of uri the Thrower, an experienced OgHu of Trog (D:8)
  2 hydras (Lair:4)
  Erolcha (D:9)
  11 elephants
  A queen ant (Lair:1)
  A spiny frog (Lair:1)
  3 komodo dragons
  2 trolls (D:9)
  A polar bear (Lair:4)
  A spriggan druid (Lair:4)
  Prince Ribbit (D:5)
  21 blink frogs
  Eustachio (D:4)
  A deep elf mage (D:9)
  3 wolves
  4 hippogriffs
  5 soldier ants (Lair:1)
  A sky beast (D:6)
  2 water moccasins
  2 porcupines
  A slave (D:8)
  An orc warrior (D:6)
  2 black bears (D:8)
  3 boring beetles (D:8)
  7 ogres
  8 giant frogs
  3 centaurs
  3 crocodiles
  3 giant slugs
  3 big kobolds
  5 scorpions
  4 wights (D:8)
  3 electric eels
  9 killer bees
  A yak skeleton (D:8)
  An eye of draining (D:8)
  6 hounds
  3 crimson imps
  2 goliath beetles
  A quasit (D:7)
  A centaur zombie (D:7)
  2 big fish
  A giant frog skeleton (D:4)
  A gnoll shaman (D:4)
  A jelly (D:6)
  2 orc priests (D:6)
  3 iguanas
  7 orc wizards
  33 worker ants
  A sky beast zombie (D:5)
  Ijyb (D:5)
  A hound zombie (D:8)
  An ogre skeleton (D:8)
  A hound skeleton (D:9)
  16 gnolls
  19 green rats
  15 adders
  A scorpion zombie (D:8)
  A white imp (D:4)
  5 shadow imps
  A giant mite (D:4)
  8 worms
  2 adder zombies
  An adder skeleton (D:7)
  An iguana skeleton (D:6)
  8 giant geckos
  3 oozes
  23 orcs
  10 ball pythons
  17 bats
  2 bat zombies
  10 giant cockroaches
  12 goblins
  12 hobgoblins
  23 jackals
  32 kobolds
  8 quokkas
  4 giant newts
  A hobgoblin skeleton (D:4)
  A jackal zombie (D:5)
  A kobold skeleton (D:4)
  An orc skeleton (D:6)
  3 orc zombies (D:6)
  32 rats
  A rat skeleton (D:8)
  A spectral orc (Lair:4)
  2 ballistomycetes (D:8)
  4 fungi
  A plant (Lair:2)
472 creatures vanquished.

Vanquished Creatures (collateral kills)
  A blink frog (Lair:2)
  A quokka (D:7)
2 creatures vanquished.

Vanquished Creatures (others)
  A giant spore (D:8)
  A rat (D:8)
  A fungus (Lair:2)
3 creatures vanquished.

Grand Total: 477 creatures vanquished

Notes
Turn   | Place    | Note
--------------------------------------------------------------
     0 | D:1      | MDvedh, the Formicid Fighter, began the quest for the Orb.
     0 | D:1      | Reached XP level 1. HP: 18/18 MP: 1/1
   169 | D:1      | Reached XP level 2. HP: 21/24 MP: 3/3
   379 | D:1      | Found a glowing golden altar of the Shining One.
   555 | D:1      | Reached XP level 3. HP: 22/29 MP: 4/4
   995 | D:2      | Reached skill level 4 in Maces & Flails
   995 | D:2      | Reached XP level 4. HP: 13/35 MP: 5/5
  1576 | D:3      | Found an opulent altar of Gozag.
  1667 | D:3      | Reached XP level 5. HP: 19/41 MP: 7/7
  2019 | D:3      | Reached skill level 5 in Maces & Flails
  2350 | D:4      | Found a glowing drain.
  2386 | D:4      | Reached XP level 6. HP: 40/47 MP: 8/8
  2407 | Sewer    | Entered a sewer
  2554 | Sewer    | Reached skill level 6 in Maces & Flails
  3357 | Sewer    | Reached skill level 7 in Maces & Flails
  3357 | Sewer    | Reached XP level 7. HP: 30/52 MP: 9/9
  3833 | D:4      | Noticed Eustachio
  4222 | D:4      | Killed Eustachio
  4222 | D:4      | Reached skill level 8 in Maces & Flails
  4222 | D:4      | Reached XP level 8. HP: 43/58 MP: 11/11
  4679 | D:4      | Noticed an ogre
  4692 | D:4      | Killed an ogre
  4699 | D:4      | Reached skill level 9 in Maces & Flails
  5342 | D:5      | Entered Level 5 of the Dungeon
  5342 | D:5      | Found a shimmering altar of Xom.
  5342 | D:5      | Noticed Prince Ribbit
  5374 | D:5      | Noticed Ijyb
  5380 | D:5      | Killed Ijyb
  5740 | D:5      | Killed Prince Ribbit
  5740 | D:5      | Reached skill level 10 in Maces & Flails
  5880 | D:5      | Reached XP level 9. HP: 43/64 MP: 12/12
  6478 | D:5      | Found an ancient bone altar of Kikubaaqudgha.
  6577 | D:5      | Reached skill level 11 in Maces & Flails
  8035 | D:6      | Reached skill level 12 in Maces & Flails
  8222 | D:6      | Found a deep blue altar of Sif Muna.
  8657 | D:7      | Found a staircase to the Ecumenical Temple.
  8660 | D:7      | Noticed Pikel
  8959 | Temple   | Entered the Ecumenical Temple
  9010 | Temple   | Became a worshipper of Qazlal Stormbringer
  9344 | D:7      | Reached XP level 10. HP: 38/70 MP: 13/13
  9634 | D:7      | Reached skill level 13 in Maces & Flails
  9767 | D:7      | Got a black opal-encrusted ring mail
  9768 | D:7      | Identified the +5 ring mail of Trog's Fury {+Rage +Inv Dam+5 Stlth+} (You found it on level 7 of the Dungeon)
 10126 | D:8      | Noticed uri's ghost (experienced OgHu)
 10223 | D:8      | Found a bloodstained altar of Trog.
 10282 | D:8      | Acquired Qazlal's first power
 10386 | D:8      | Found an ancient bone altar of Kikubaaqudgha.
 10543 | D:8      | Reached skill level 14 in Maces & Flails
 11123 | D:8      | Found a glowing silver altar of Zin.
 11124 | D:8      | Found a white marble altar of Elyvilon.
 11155 | D:8      | Found a staircase to the Lair.
 11653 | D:8      | Killed uri's ghost
 12343 | D:9      | Reached XP level 11. HP: 19/75 MP: 15/15
 12679 | D:9      | Reached skill level 15 in Maces & Flails
 13305 | D:9      | Acquired Qazlal's second power
 13510 | D:9      | Noticed Erolcha
 13524 | D:9      | Killed Erolcha
 13524 | D:9      | Reached skill level 5 in Armour
 13783 | Lair:1   | Entered Level 1 of the Lair of Beasts
 14272 | Lair:1   | Acquired Qazlal's third power
 14323 | Lair:1   | Reached skill level 1 in Invocations
 14732 | Lair:1   | Found a deep blue altar of Sif Muna.
 14876 | Lair:1   | Got a dazzling scale mail
 14878 | Lair:1   | Identified the -7 scale mail of the Assorted Tales {rF+ rC++} (You found it on level 1 of the Lair of Beasts)
 15332 | Lair:1   | Reached skill level 5 in Invocations
 15916 | Lair:2   | Reached XP level 12. HP: 47/81 MP: 24/24
 16702 | Lair:2   | Gained mutation: You are resistant to hostile enchantments. [potion of mutation]
 16702 | Lair:2   | Gained mutation: You have a fast metabolism. [potion of mutation]
 16702 | Lair:2   | Gained mutation: You are weak. (Str -2) [potion of mutation]
 16866 | Lair:2   | Reached skill level 10 in Invocations
 16940 | Lair:2   | Reached skill level 5 in Shields
 17179 | Lair:2   | You fall through a shaft!
 17335 | Lair:3   | Found a shattered altar of Ashenzari.
 17930 | Lair:4   | Noticed a five-headed hydra
 17931 | Lair:4   | Killed a five-headed hydra
 18172 | Lair:4   | Noticed a six-headed hydra
 18173 | Lair:4   | Reached skill level 10 in Shields
 18173 | Lair:4   | Reached XP level 13. HP: 50/86 MP: 28/28
 18177 | Lair:4   | Killed a six-headed hydra
 18330 | Lair:4   | Noticed Nergalle
 18977 | Lair:4   | HP: 3/86 [Nergalle/bolt of negative energy (16)]
 18982 | Lair:4   | HP: 4/86 [Nergalle/bolt of negative energy (17)]
 18987 | Lair:4   | Slain by a spectral orc warrior

Action                   |  1- 3 |  4- 6 |  7- 9 | 10-12 | 13-15 || total
-------------------------+-------+-------+-------+-------+-------++-------
Melee: Flail             |   144 |   406 |   588 |   351 |       ||  1489
       Morningstar       |       |       |     2 |   467 |    70 ||   539
Invok: Upheaval          |       |       |       |     3 |     4 ||     7
       Elemental Force   |       |       |       |     3 |       ||     3
 Abil: Dig               |       |     3 |     2 |     3 |       ||     8
Evoke: Wand              |       |       |     1 |     3 |     1 ||     5
  Use: Scroll            |       |     8 |     7 |    10 |       ||    25
       Potion            |       |     1 |     3 |     7 |     4 ||    15
 Stab: Sleeping          |       |       |       |     2 |       ||     2
       Distracted        |       |       |       |     1 |       ||     1
